 Dungeon Sprint DCSS version 0.17-a0-1485-g22cb0ee (webtiles) character file.

900000 nuthulu the Severer (level 11, -7/126 HPs)
             Began as a Deep Dwarf Berserker on July 5, 2015.
             Was a Follower of Trog.
             Mangled by a bag of meat
             ... wielding a +9 war axe
              (18 damage)
             ... in the Dungeon (Sprint VIII: "Arena of Blood").
             The game lasted 00:00:27 (9 turns).

nuthulu the Severer (Deep Dwarf Berserker)             Turns: 9, Time: 00:00:27

Health: -7/126     AC:  3    Str: 23    XL:     11   Next: 71%
Magic:  11/11      EV: 18    Int:  8    God:    Trog [*.....]
Gold:   0          SH:  0    Dex: 13    Spells: 0 memorised, 10 levels left

rFire  . . .     SeeInvis .     k - +∞ Axe of Woe
rCold  . . .     Clarity  .     b - +0 animal skin
rNeg   . . .     SustAt   .     (no shield)
rPois  .         Gourm    .     (no helmet)
rElec  .         Spirit   .     (no cloak)
rCorr  .         Warding  .     (no gloves)
rMut   .         NoTele   +     (no boots)
MR     +....                    (no amulet)
Stlth  +.........               (no ring)
                                (no ring)

@: non-regenerating, somewhat resistant to hostile enchantments, very unstealthy
A: damage resistance, recharge devices, sense surroundings 2, slow healing 3
a: Device Recharging, Burn Spellbooks, Berserk, Renounce Religion


You were in the Dungeon.
You worshipped Trog.
Trog was aware of your devotion.
You were not hungry.

You visited 1 branch

Inventory:

Hand weapons
 k - the +∞ Axe of Woe (weapon)
   (You found it in the Dungeon)
Armour
 b - a +0 animal skin (worn)
Magical devices
 c - a wand of heal wounds (5)
Scrolls
 j - a scroll of blinking
Potions
 e - a potion of curing
 f - a potion of heal wounds
 g - a potion of haste
 h - 2 potions of magic
 i - a potion of berserk rage
Comestibles
 d - a bread ration


   Skills:
 + Level 16.5 Fighting
 + Level 19.1 Axes
 + Level 11.1 Armour
 + Level 11.2 Dodging


You had 10 spell levels left.
You didn't know any spells.

Dungeon Overview and Level Annotations

Branches:
Dungeon (1/1)

Altars:
Makhleb


Innate Abilities, Weirdness & Mutations

You are resistant to damage.
You can recharge devices by infusing magical energy.
You passively map the area around you.
You do not heal naturally.


Message History

You have reached level 6!
Your experience leads to an increase in your attributes!
Increase (S)trength, (I)ntelligence, or (D)exterity?
You feel stronger.
You have reached level 7!
You have reached level 8!
You feel stronger.
You have reached level 9!
Your experience leads to an increase in your attributes!
Increase (S)trength, (I)ntelligence, or (D)exterity?
You feel agile.
Your attunement to dungeon structure grows.
You have reached level 10!
You have reached level 11!
You hear a shout! x9
The bag of meat hits you with a +9 war axe!!!
* * * LOW HITPOINT WARNING * * *
You hear a shout! x3
The bag of meat hits you with a +9 war axe!!
You die...

,, , , , , , ,,
, .., , .. ,,
,,, , #., ,.# ,
,#.., ..#, , ,
, .###.. ..###.
, ,
......###.o....
, ,,, * , ,
....._..... , ,
* , , #...o.# ,
, ,, ,, ,
#_.@._# , ,, ,,
, #..o..# , , ,
* ....._o....
,, , ,,,
......###......
, , ,.###..
,..###. , , , ,
, #.. ,..# ,,
,, #., .#, , ,
, , .. , o. , ,
* , *


You could see 5 bags of meat.

Vanquished Creatures
  An orc (D)
1 creature vanquished.

Notes
Turn   | Place    | Note
--------------------------------------------------------------
     0 | D        | nuthulu the Deep Dwarf Berserker began the quest for the Orb.
     0 | D        | Reached XP level 1. HP: 20/20 MP: 1/1
     3 | D        | Noticed a bag of meat
     4 | D        | Noticed a bag of meat
     4 | D        | Noticed a bag of meat
     5 | D        | Noticed a bag of meat
     6 | D        | Noticed a bag of meat
     6 | D        | Noticed a bag of meat
     9 | D        | Killed a bag of meat
     9 | D        | Reached skill level 16 in Fighting
     9 | D        | Reached skill level 19 in Axes
     9 | D        | Reached XP level 2. HP: 23/55 MP: 2/2
     9 | D        | Reached XP level 3. HP: 25/62 MP: 3/3
     9 | D        | Reached XP level 4. HP: 28/70 MP: 4/4
     9 | D        | Reached XP level 5. HP: 31/78 MP: 5/5
     9 | D        | Reached XP level 6. HP: 34/87 MP: 6/6
     9 | D        | Reached XP level 7. HP: 36/94 MP: 7/7
     9 | D        | Reached XP level 8. HP: 39/103 MP: 8/8
     9 | D        | Gained mutation: You passively map the area around you. [Deep Dwarf growth]
     9 | D        | Reached XP level 9. HP: 41/110 MP: 9/9
     9 | D        | Reached XP level 10. HP: 43/118 MP: 10/10
     9 | D        | Reached XP level 11. HP: 45/126 MP: 11/11
     9 | D        | Mangled by a bag of meat

Vault maps used:
D:        meatsprint

Action                   |  1- 3 |  4- 6 |  7- 9 | 10-12 || total
-------------------------+-------+-------+-------+-------++-------
Melee: Executioner's axe |     1 |       |       |       ||     1
